 Dungeon Crawl Stone Soup version 0.31-a0-848-gaac375c287 (webtiles) character file.

Game seed: 16477750765929226219

33 TheGamechu the Sneak (level 3, -4/19 HPs)
             Began as a Kobold Enchanter on Oct 4, 2023.
             Slain by Robin
             ... wielding a +0 whip
              (5 damage)
             ... on level 2 of the Dungeon.
             The game lasted 00:02:37 (817 turns).

TheGamechu the Sneak (Kobold Enchanter)              Turns: 817, Time: 00:02:38

Health: -4/19      AC:  6    Str:  5    XL:     3   Next: 47%
Magic:  1/6        EV: 15    Int: 16    God:
Gold:   36         SH:  0    Dex: 17    Spells: 4/6 levels left

rFire   . . .        a - +1 dagger
rCold   . . .        (no shield)
rNeg    . . .        b - +0 robe
rPois   .            (no helmet)
rElec   .            (no cloak)
rCorr   .            (no gloves)
SInv    .            (no boots)
Will    .....        (no amulet)
Stlth   ++++         f - +4 ring of protection
HPRegen 0.23/turn    (no ring)
MPRegen 0.10/turn

%: no passive effects
@: invisible
A: small, no large weapons, nightstalker 3
a: no special abilities


You were on level 2 of the Dungeon.
You visited 1 branch of the dungeon, and saw 2 of its levels.

You collected 36 gold pieces.

Inventory:

Hand Weapons
 a - a +1 dagger (weapon)
Missiles
 d - 7 poisoned darts (quivered)
Armour
 b - a +0 robe (worn)
Jewellery
 f - a +4 ring of protection (left hand)
Scrolls
 e - a scroll of teleportation {unknown}
 h - a scroll of identify {unknown}
Potions
 c - 3 potions of invisibility
 g - a potion of heal wounds {unknown}


   Skills:
 + Level 2.7 Short Blades
 + Level 3.2 Dodging
 + Level 4.6 Stealth
 - Level 2.1 Spellcasting
 - Level 3.0 Hexes


You had 4 spell levels left.
You knew the following spells:

 Your Spells              Type           Power      Damage    Failure   Level
a - Ensorcelled Hibernat  Hex/Ice        12%        N/A       17%         2

Your spell library contained the following spells:

 Spells                   Type           Power      Damage    Failure   Level
 Confusing Touch          Hex            11%        N/A       19%         3
 Tukima's Dance           Hex            11%        N/A       19%         3
 Sublimation of Blood     Necr           1%         N/A       30%         2
 Wereblood                Tmut           1%         N/A       30%         2
 Dazzling Flash           Conj/Hex       12%        N/A       32%         3
 Summon Guardian Golem    Hex/Summ       6%         N/A       32%         3
 Orb of Destruction       Conj           0%         9d5       100%        7
 Spellforged Servitor     Conj/Summ      0%         N/A       100%        7
 Summon Hydra             Summ           0%         N/A       100%        7


Dungeon Overview and Level Annotations

Branches:
Dungeon (2/15)

Altars:

Annotations:
D:2 Robin


Innate Abilities, Weirdness & Mutations

You are small and have problems with some larger weapons.
You are completely attuned to the shadows.


Message History

Aiming: Ensorcelled Hibernation (safe; 17% risk of failure)
Press: ? - help, Shift-Dir - straight line, f - Robin
Aim: Robin, wielding a +0 whip, wearing a +0 animal skin and wearing a +0 helmet (chance to affect: 49%) Robin resists with some effort.
Robin barely misses you. The goblin hits you but does no damage.
You hit the goblin.
You kill the goblin!
Robin closely misses you. Robin attacks as they pursues you!
Robin hits you with a +0 whip.
Items here: )))) ††††.
You hit Robin but do no damage. Robin throws the goblin at you!
You hit Robin.
Robin is lightly wounded.
The goblin hits you with a +0 dagger. Robin misses you.
You barely miss the goblin. The goblin hits you with a +0 dagger.
Robin barely misses you.
You closely miss the goblin. You miss the goblin. Robin barely misses you.
The goblin hits you with a +0 dagger.
You hit the goblin.
The goblin is moderately wounded.
The goblin barely misses you. Robin hits you but does no damage.
You hit the goblin.
The goblin is severely wounded.
The goblin misses you. Robin hits you with a +0 whip.
You fade into invisibility!
The goblin hits you with a +0 dagger.
* * * LOW HITPOINT WARNING * * *
Robin says, "Kneel, worm!"
Robin closely misses you.
You closely miss the goblin.
The goblin is severely wounded.
The goblin no longer looks unusually strong.
The goblin hits you but does no damage. Robin completely misses you.
You catch the helpless goblin completely off-guard!
You impale the goblin!!
You kill the goblin!
Robin hits you with a +0 whip.
You die...
Robin lets out a smug laugh.

.. . ..# ##.#...#
#.# ##.#...# #.#
.......###.#######
##.#.............#
.......###.#####.#
##.........# #)#
†......##### #@#
####.### #g# #.#
####)#### #.#
#.......# #+#
#.......#
#.......#
........#
........#
.....g..#


You could see Robin (unable to see you).

Vanquished Creatures
  A dart slug (D:1)
  4 endoplasms
  3 giant cockroaches (D:1)
  6 goblins (D:2)
  2 hobgoblins (D:2)
  2 jackals (D:2)
  2 quokkas
  3 ball pythons (D:1)
  3 bats (D:1)
  A frilled lizard (D:1)
27 creatures vanquished.

Notes
Turn   | Place    | Note
-------+----------+-------------------------------------------
     0 | D:1      | TheGamechu the Kobold Enchanter began the quest for the
                  | Orb.
     0 | D:1      | Reached XP level 1. HP: 10/10 MP: 3/3
   202 | D:1      | Reached XP level 2. HP: 15/15 MP: 5/5
   205 | D:1      | Learned a level 2 spell: Ensorcelled Hibernation
   554 | D:2      | Reached XP level 3. HP: 19/19 MP: 3/6
   794 | D:2      | Noticed Robin
   817 | D:2      | Slain by Robin

Illustrated notes

Levels and vault maps discovered:
D:1:      scummos_arrival_forest, layout_rooms
D:2:      layout_loops_corners, uniq_robin, uniq_natasha

Skill      XL: |  1  2 |
---------------+-------+-----
Short Blades   | 2 |  2.7
Dodging        | 3 |  3.2
Stealth        | |  4.6
Spellcasting   | |  2.1
Hexes          | |  3.0

Action                     || total
---------------------------++-------
  Melee: Dagger            ||    61
   Cast: Ensorcelled Hiber ||     5
    Use: Potion            ||     1
   Stab: Sleeping          ||    18
         Invisible         ||     1
 Armour: Robe              ||    20
  Dodge: Dodged            ||    28

Table legend: (Time is in decaauts)
 A = Elapsed time spent in this place.
 B = Non-inter-level travel time spent in this place.
 C = Inter-level travel time spent in this place.
 D = Time resting spent in this place.
 E = Time spent auto-exploring this place.
 F = Levels seen in this place.
 G = Mean time per level.
                   A        B        C        D        E       F      G
               +--------+--------+--------+--------+--------+-----+--------+
         Total |    809 |    782 |     27 |      0 |    616 |   2 |  404.5 |
       Dungeon |    809 |    782 |     27 |      0 |    616 |   2 |  404.5 |
               +--------+--------+--------+--------+--------+-----+--------+

Top non-repeatable levels by time:
     D:1: 533 daAuts
     D:2: 276 daAuts
